 Dungeon Sprint DCSS version 0.29-a0-700-g2f1814c7b2 (webtiles) character file.

Game seed: 13204730169886960213

1673 mhtbhm the Unseen (level 8, -10/36 HPs)
             Began as a Spriggan Enchanter on June 25, 2022.
             Was a Follower of Dithmenos.
             Mangled by a centaur warrior (14 damage)
             ... in the Dungeon (Sprint I: "Red Sonja").
             The game lasted 00:03:51 (810 turns).

mhtbhm the Unseen (Spriggan Enchanter)               Turns: 810, Time: 00:03:52

Health: -10/36     AC:  2    Str:  4    XL:     8   Next: 70%
Magic:  15/22      EV: 23    Int: 17    God:    Dithmenos [*.....]
Gold:   430        SH:  0    Dex: 17    Spells: 12/26 levels left

rFire   . . .      SeeInvis +   a - +0 short sword (venom)
rCold   . . .      Faith    .   (no shield)
rNeg    . . .      Spirit   .   b - +0 robe
rPois   .          Reflect  .   (helmet restricted)
rElec   .          Harm     .   (no cloak)
rCorr   .          Rampage  .   (gloves unavailable)
Will    +....      NoTele   +   (boots unavailable)
Stlth   ++++++++..              (no amulet)
HPRegen 0.12/turn               (no ring)
MPRegen 0.18/turn               (no ring)

@: wreathed by umbra, invisible, very quick
A: very small, no large weapons, unfitting armour, see invisible, speed 3
a: Renounce Religion


You were in the Dungeon.
You worshipped Dithmenos.
Dithmenos was aware of your devotion.
You visited 1 branch You collected 822 gold pieces.
You spent 392 gold pieces at shops.

Inventory:

Hand Weapons
 a - a +0 short sword of venom (weapon)
Missiles
 j - 2 poisoned darts
 m - 2 curare-tipped darts (quivered)
Armour
 b - a +0 robe (worn)
Wands
 h - a wand of iceblast (12)
 l - a wand of light (8)
Scrolls
 k - a scroll of identify {unknown}
 n - a scroll of brand weapon {unknown}
 o - a scroll of fear {unknown}
Potions
 c - a potion of invisibility
 d - 3 potions of curing
 f - 2 potions of haste
 g - 2 potions of magic


   Skills:
 + Level 1.1 Short Blades
 + Level 8.9 Dodging
 + Level 17.7 Stealth
 + Level 9.6 Spellcasting
 + Level 13.3 Hexes
 + Level 1.6 Ice Magic
 * Level 5.4 Invocations


You had 12 spell levels left.
You knew the following spells:

 Your Spells              Type           Power      Damage    Failure   Level
a - Ensorcelled Hibernat  Hex/Ice        66%        N/A       1%          2
b - Confusing Touch       Hex            52%        N/A       1%          3
c - Tukima's Dance        Hex            52%        N/A       1%          3
d - Dazzling Flash        Conj/Hex       60%        N/A       1%          3
e - Mephitic Cloud        Conj/Pois/Air  8%         N/A       26%         3

Your spell library contained the following spells:

 Spells                   Type           Power      Damage    Failure   Level
 Ignite Poison            Fire/Tmut/Pois 8%         N/A       26%         3
 Freezing Cloud           Conj/Ice/Air   5%         6-21      89%         5


Dungeon Overview and Level Annotations

Branches:
Dungeon (1/1)

Altars:
Cheibriados
Dithmenos
Elyvilon
Fedhas
Gozag
Hepliaklqana
Kikubaaqudgha
Makhleb
Nemelex Xobeh
Okawaru
Qazlal
Ru
Sif Muna
Trog
Uskayaw
Vehumet
Wu Jian
Xom
Yredelemnul
Zin
The Shining One
Jiyva
Lugonu

Shops:
D *:[


Innate Abilities, Weirdness & Mutations

You are very small and have problems with some larger weapons.
You are too small for most types of armour.
You have supernaturally acute eyesight. (SInv)
You cover ground extremely quickly. (Speed+++)


Message History

Casting: Dazzling Flash (safe; 1% risk of failure)
Press: ? - help, Dir - look around, f - activate The centaur warrior is dazzled.
The centaur warrior completely misses you.
The centaur warrior kicks you but does no damage.
The centaur warrior misses you.
The centaur warrior completely misses you.
Unknown command.
Unknown command.
Casting: Dazzling Flash (safe; 1% risk of failure)
Confirm with . or Enter, or press ? or * to list all spells.
Aiming: Ensorcelled Hibernation (safe; 1% risk of failure)
Press: ? - help, Shift-Dir - straight line, f - centaur warrior
Aim: a centaur warrior (purple smoke, can't see you, umbra, chance to affect: 45%)
The centaur warrior resists with some effort.
The centaur warrior misses you. x3; The centaur warrior closely misses you.
The centaur warrior barely misses you.
The centaur warrior kicks you but does no damage.
The centaur warrior hits you.
* * * LOW HITPOINT WARNING * * *
The centaur warrior kicks you.
* * * LOW HITPOINT WARNING * * *
Unknown command.
Casting: Ensorcelled Hibernation (safe; 1% risk of failure)
Confirm with . or Enter, or press ? or * to list all spells.
Aiming: Ensorcelled Hibernation (safe; 1% risk of failure)
Press: ? - help, Shift-Dir - straight line, f/p - centaur warrior
Aim: a centaur warrior (can't see you, umbra, chance to affect: 45%)
The centaur warrior resists with some effort.
The centaur warrior completely misses you. x3
The centaur warrior closely misses you.
Casting: Ensorcelled Hibernation (safe; 1% risk of failure)
Confirm with . or Enter, or press ? or * to list all spells.
Okay, then.
You closely miss the centaur warrior. The centaur warrior closely misses you.
The centaur warrior completely misses you.
The centaur warrior barely misses you.
The centaur warrior closely misses you. x2
The centaur warrior completely misses you.
The centaur warrior hits you!
You die...

##################
.))..#..'..#__#..+
..#..').#..'..'..#
####'#####'#__####
###..#...#.####§§#
__####..##.#≈≈§§c#
_____##'#_.'≈§§§@+
_.∩...'..._#≈≈§§c#
_..__##_.#'##+####
_____###'#.#.([[###
########.####'###[##
......'...'..÷..'.∩#
+++####.).##########
###.### #.#'#.#


You could see 2 centaur warriors.

Vanquished Creatures
  Sonja (D)
  A deep troll (D)
  A slime creature (D)
  A yak (D)
  Sigmund (D)
  An ogre (D)
  A jelly (D)
  Ijyb (D)
  A ballistomycete spore (D)
9 creatures vanquished.

Vanquished Creatures (others)
  A ballistomycete spore (D)
1 creature vanquished.

Grand Total: 10 creatures vanquished

Notes
Turn   | Place    | Note
-------+----------+-------------------------------------------
     0 | D        | mhtbhm the Spriggan Enchanter began the quest for the Orb.
     0 | D        | Reached XP level 1. HP: 9/9 MP: 5/5
     2 | D        | Noticed Ijyb
    15 | D        | Killed Ijyb
    16 | D        | Reached skill level 6 in Stealth
    16 | D        | Reached skill level 5 in Hexes
    16 | D        | Reached XP level 2. HP: 13/13 MP: 5/7
    61 | D        | Learned a level 2 spell: Ensorcelled Hibernation
    69 | D        | Noticed an ogre
    78 | D        | Killed an ogre
    79 | D        | Reached skill level 9 in Stealth
    79 | D        | Reached skill level 5 in Spellcasting
    79 | D        | Reached XP level 3. HP: 16/16 MP: 5/10
    79 | D        | Reached XP level 4. HP: 21/21 MP: 6/12
    83 | D        | Learned a level 3 spell: Confusing Touch
    87 | D        | Learned a level 3 spell: Tukima's Dance
    91 | D        | Learned a level 3 spell: Dazzling Flash
   104 | D        | Noticed Sigmund
   107 | D        | Killed Sigmund
   108 | D        | Reached skill level 12 in Stealth
   108 | D        | Reached XP level 5. HP: 24/24 MP: 8/15
   159 | D        | Found an ornate altar of the Wu Jian Council.
   159 | D        | Found a shimmering blue altar of Sif Muna.
   161 | D        | Found a radiant altar of Vehumet.
   166 | D        | Reached XP level 6. HP: 28/28 MP: 16/16
   167 | D        | Found Cinoi's Book Emporium.
   167 | D        | Found an ancient bone altar of Kikubaaqudgha.
   167 | D        | Found a hazy altar of Hepliaklqana.
   167 | D        | Found a stormy altar of Qazlal.
   167 | D        | Found a hide-covered altar of Uskayaw.
   167 | D        | Found a blossoming altar of Fedhas.
   167 | D        | Found a bloodstained altar of Trog.
   167 | D        | Found an iron altar of Okawaru.
   167 | D        | Found a basalt altar of Yredelemnul.
   167 | D        | Found a glowing golden altar of the Shining One.
   167 | D        | Found a snail-covered altar of Cheibriados.
   167 | D        | Found a sacrificial altar of Ru.
   167 | D        | Found a glowing silver altar of Zin.
   167 | D        | Found a shadowy altar of Dithmenos.
   167 | D        | Found a white marble altar of Elyvilon.
   167 | D        | Noticed a yak
   168 | D        | Found an opulent altar of Gozag.
   169 | D        | Killed a yak
   170 | D        | Reached skill level 13 in Stealth
   170 | D        | Found a sparkling altar of Nemelex Xobeh.
   178 | D        | Became a worshipper of Dithmenos the Shadowed
   220 | D        | Found a burning altar of Makhleb.
   220 | D        | Found a viscous altar of Jiyva.
   220 | D        | Found a shimmering altar of Xom.
   220 | D        | Found a corrupted altar of Lugonu.
   220 | D        | Noticed a slime creature
   232 | D        | Killed a slime creature
   233 | D        | Reached skill level 14 in Stealth
   233 | D        | Reached skill level 1 in Ice Magic
   233 | D        | Reached XP level 7. HP: 12/32 MP: 13/19
   486 | D        | Bought a Trismegistus Codex for 392 gold pieces
   496 | D        | Learned a level 3 spell: Mephitic Cloud
   499 | D        | Noticed Sonja
   503 | D        | Killed Sonja
   504 | D        | Reached skill level 16 in Stealth
   504 | D        | Reached XP level 8. HP: 36/36 MP: 20/22
   523 | D        | Found Cuzead's Assorted Antiques.
   543 | D        | Noticed a deep troll
   547 | D        | Killed a deep troll
   547 | D        | Reached * piety under Dithmenos
   548 | D        | Reached skill level 17 in Stealth
   548 | D        | Reached skill level 5 in Invocations
   557 | D        | Found Fyonop's Armour Emporium.
   800 | D        | Noticed a centaur warrior
   804 | D        | Noticed a centaur warrior
   810 | D        | Mangled by a centaur warrior

Illustrated notes

Levels and vault maps discovered:
D:        dungeon_sprint_1 [red_sonja_temple_1, red_sonja_temple_small_1]

Skill      XL: |  1  2  3  4  5  6  7  8 |
---------------+-------------------------+-----
Dodging        | 3 4 6 7 8 |  8.9
Stealth        | 6 9 12 14 16 17 | 17.7
Spellcasting   | 3 5 6 8 9 |  9.6
Hexes          | 5 7 9 11 12 13 | 13.3
Ice Magic      | 1 |  1.6
Invocations    | 2 4 5 |  5.4
Short Blades   | |  1.1

Action                   |  1- 3 |  4- 6 |  7- 9 || total
-------------------------+-------+-------+-------++-------
Melee: Dagger            |    12 |     8 |     1 ||    21
       Short sword       |       |       |     3 ||     3
 Cast: Ensorcelled Hiber |     1 |     2 |     2 ||     5
       Dazzling Flash    |       |     1 |     1 ||     2
  Use: Potion            |     1 |       |     2 ||     3
       Scroll            |       |       |     1 ||     1
 Stab: Sleeping          |     2 |     4 |     3 ||     9
       Invisible         |       |     1 |       ||     1
Armor: Robe              |       |       |     3 ||     3
Dodge: Dodged            |     8 |     2 |    31 ||    41

Table legend: (Time is in decaauts)
 A = Elapsed time spent in this place.
 B = Non-inter-level travel time spent in this place.
 C = Inter-level travel time spent in this place.
 D = Time resting spent in this place.
 E = Time spent auto-exploring this place.
 F = Levels seen in this place.
 G = Mean time per level.
                   A        B        C        D        E       F      G
               +--------+--------+--------+--------+--------+-----+--------+
         Total |    722 |    722 |      0 |    467 |      0 |   1 |  722.0 |
       Dungeon |    722 |    722 |      0 |    467 |      0 |   1 |  722.0 |
               +--------+--------+--------+--------+--------+-----+--------+

Top non-repeatable levels by time:
       D: 722 daAuts
